 Dungeon Crawl Stone Soup version 0.31-a0-441-g867994ef1c (webtiles) character file.

Game seed: 10385455866770103979

86790 Hubris850 the Grappler (level 15, -1/143 HPs)
             Began as a Troll Shapeshifter on Aug 2, 2023.
             Was a High Priest of Qazlal.
             Slain by a balrug
             ... wielding a +2 demon whip of pain
              (14 damage)
             ... on level 1 of the Orcish Mines.
             The game lasted 01:11:22 (18156 turns).

Hubris850 the Grappler (Troll Shapeshifter)        Turns: 18156, Time: 01:11:23

Health: -1/143     AC:  6    Str: 29    XL:     15   Next: 41%
Magic:  20/20      EV: 20    Int:  4    God:    Qazlal [*****.]
Gold:   1356       SH: 11    Dex: 14    Spells: 14/14 levels left

rFire   + .          .
                       - Unarmed
rCold   . . .        (no shield)
rNeg    . . .        f - +0 troll leather armour
rPois   +            Y - melded +1 hat
rElec   .            H - melded +0 cloak
rCorr   .            (gloves unavailable)
SInv    .            (boots unavailable)
Will    +....        y - amulet of reflection
Stlth   +            o - +5 ring of evasion
HPRegen 2.03/turn    N - ring of poison resistance
MPRegen 0.17/turn

%: repel missiles, reflection
@: beast-form, protected from fire
A: beast (slay +7), large, unfitting armour, claws 3, regeneration 1, shaggy fur
1, tough skin 1, screaming 1
a: Begin Untransformation, Renounce Religion, Upheaval, Elemental Force,
Disaster Area


You were on level 1 of the Orcish Mines.
You worshipped Qazlal.
Qazlal was extremely pleased with you.
You were a hulking beast.
You visited 4 branches of the dungeon, and saw 20 of its levels.
You also visited: Volcano.

You collected 1876 gold pieces.
You spent 520 gold pieces at shops.

Inventory:

Hand Weapons
 v - a +0 battleaxe of flaming
 x - a +5 flail
Missiles
 i - 14 poisoned darts (quivered)
 l - 3 javelins
 n - a throwing net
 q - 4 boomerangs
 G - a curare-tipped dart
Armour
 f - a +0 troll leather armour (worn)
 H - a +0 cloak (melded)
 Y - a +1 hat (melded)
Jewellery
 d - a ring of wizardry
 h - an amulet of faith
 o - a +5 ring of evasion (left claw)
 p - a ring of flight
 y - an amulet of reflection (around neck)
 N - a ring of poison resistance (right claw)
Talismans
 c - a beast talisman (active)
 s - a maw talisman
Wands
 a - a wand of polymorph (1)
 k - a wand of paralysis (15)
 r - a wand of roots (7)
 T - a wand of mindburst (12)
Scrolls
 b - 2 scrolls of enchant armour
 e - a scroll of teleportation
 m - a scroll of poison {unknown}
 t - a scroll of fear
 K - 2 scrolls of fog
 W - a scroll of noise {unknown}
Potions
 g - 4 potions of curing
 j - 5 potions of heal wounds
 A - a potion of resistance
 V - 2 potions of ambrosia {unknown}
 X - a potion of magic {unknown}
Miscellaneous
 U - a lightning rod (4/4)
 Z - a sack of spiders


   Skills:
 - Level 8.0 Fighting
 - Level 12.0 Dodging
 + Level 13.9 Unarmed Combat
 + Level 9.1 Invocations
 - Level 6.0 Evocations
 + Level 11.7 Shapeshifting


You had 14 spell levels left.
You didn't know any spells.
Your spell library contained the following spells:

 Spells                   Type           Power      Damage    Failure   Level
 Apportation              Tloc           0%         N/A       54%         1
 Foxfire                  Conj/Fire      0%         2x1d4     54%         1
 Magic Dart               Conj           0%         1d3       54%         1
 Sting                    Tmut/Pois      0%         1d3       54%         1
 Blink                    Tloc           0%         N/A       67%         2
 Call Imp                 Summ           0%         N/A       67%         2
 Poisonous Vapours        Pois/Air       0%         N/A       67%         2
 Static Discharge         Conj/Air       0%         2-2/arc   67%         2
 Dazzling Flash           Conj/Hex       0%         N/A       88%         3
 Mephitic Cloud           Conj/Pois/Air  0%         N/A       88%         3
 Portal Projectile        Hex/Tloc       0%         N/A       88%         3
 Summon Guardian Golem    Hex/Summ       0%         N/A       88%         3
 Vhi's Electric Charge    Tloc/Air       0%         N/A       88%         3
 Volatile Blastmotes      Fire/Tloc      0%         2d10      88%         3
 Airstrike                Air            0%         2d(0-16)  99%         4
 Olgreb's Toxic Radiance  Pois           0%         N/A       99%         4
 Passage of Golubria      Tloc           0%         N/A       99%         4
 Summon Lightning Spire   Summ/Air       0%         N/A       99%         4
 Alistair's Intoxication  Tmut/Pois      0%         N/A       100%        5
 Arcjolt                  Conj/Air       0%         1d10      100%        5
 Fireball                 Conj/Fire      0%         3d3       100%        5
 Iskenderun's Battlesphe  Conj           0%         2d6       100%        5
 Silence                  Hex/Air        0%         N/A       100%        5
 Leda's Unmaking          Conj/Erth      0%         9d1       100%        6
 Plasma Beam              Fire/Air       0%         2x1d10    100%        6
 Starburst                Conj/Fire      0%         6d3       100%        6
 Orb of Destruction       Conj           0%         9d5       100%        7
 Spellforged Servitor     Conj/Summ      0%         N/A       100%        7
 Lehudib's Crystal Spear  Conj/Erth      0%         10d2      100%        8
 Maxwell's Capacitive Co  Air            0%         ∞         100%        8


Dungeon Overview and Level Annotations

Branches:
Dungeon (12/15)            Temple (1/1) D:5            Lair (5/5) D:8
  Swamp (0/4) Lair:3        Snake (0/4) Lair:2        Slime (0/5) Lair:5
    Orc (2/2) D:11            Elf (0/3) Orc:2       Volcano (visited)

Altars:
Ashenzari
Cheibriados
Dithmenos
Elyvilon
Fedhas
Gozag
Hepliaklqana
Kikubaaqudgha
Makhleb
Nemelex Xobeh
Okawaru
Qazlal
Ru
Sif Muna
Trog
Uskayaw
Vehumet
Wu Jian
Xom
Yredelemnul
Zin
The Shining One
Jiyva
Lugonu

Shops:
D:7 =**   Orc:2 =*(?

Portals:
Abyss: Lair:5
Pandemonium: Orc:2
Trove: D:10 (give 2 scrolls of acquirement)

Annotations:
Lair:1 3 runed translucent doors, HallandMoats's ghost, journeyman DsFi; Kocvedd's ghost, journeyman DDFi
Lair:3 2 transporters


Innate Abilities, Weirdness & Mutations

You are a hulking beast.
Your limbs bulge with bestial killing power. (Slay +7)
You are too large for most types of armour.
You have claws for hands.
Your natural rate of healing is unusually fast.
You are covered in fur. (AC +1)
You have tough skin. (AC +1)
You occasionally shout uncontrollably at your foes.


Message History

Items here: ))))))) [[[[.
Things that are here:
a +0 plate armour; a +0 flail; a +0 orcbow You see here a +0 mace.
Things that are here:
a +0 mace; a +0 flail
There is a stone staircase leading up, spattered with blood here.
You climb upwards.
Level annotation: 1 runed translucent door
There is a stone staircase leading down here.
There is an open door here.
You hear a shout!
There is an open door here.
There is an open door here.
The balrug shouts!
Press: ? - help, v - describe, . - travel
Here: a balrug, wielding a +2 demon whip of pain (fire blocked by a runed translucent door)
The floor.
Unknown command.
Okay, then.
Okay, then.
You open the door. The balrug gestures at you.
The fireball explodes!
The fireball engulfs you!!! The balrug gestures at you. Something smites you!
There is an open translucent door here.
You mangle the balrug!!
The balrug is moderately wounded.
The balrug gestures at you.
The fireball explodes!
The fireball engulfs you!!!
* * * LOW HITPOINT WARNING * * *
The fireball engulfs the balrug.
The balrug completely resists.
You mangle the balrug!!
The balrug is severely wounded.
The balrug hits you with a +2 demon whip of pain!!
* * * LOW HITPOINT WARNING * * *
You are engulfed in flames!
You feel protected from fire.
You die...

≈≈≈≈≈≈8.8≈≈≈≈≈≈
≈######'######≈
# #8.........8#
##
#...........#
.# ###
#...#####...#
.###.##
##'##.∩.##'##
......#
#.##.).##.#
.....##
#.##.2.##.#
...###
#.###h###.#
....#
##'#⌠.○°⌠#'##
.#.##
#...☼.°.....#
.###
#8....8....8#
##
######>###### #
### # ## .##


You could see a balrug.

Vanquished Creatures
  Saint Roka (Orc:2)
  An orc warlord (Orc:1)
  An ettin (Orc:2)
  A hydra (Lair:3)
  Erolcha (D:9)
  2 demonspawn (Orc:2)
  2 boulder beetles
  8 two-headed ogres
  8 orc high priests (Orc:2)
  8 death yaks
  4 thrashing horrors (Lair:5)
  A sun demon (Orc:2)
  2 skysharks
  A bog body (Lair:3)
  A deep elf archer (Volcano)
  8 deep elf pyromancers (Volcano)
  3 large abominations (Lair:5)
  Pikel (D:9)
  6 orc knights
  2 ugly things
  A lindwurm (Lair:3)
  A cyclops (Orc:1)
  4 orc sorcerers (Orc:2)
  10 elephants
  7 black mambas
  Maurice (D:9)
  2 slime creatures (D:8)
  2 rust devils (Orc:2)
  4 smoke demons (Lair:5)
  A torpor snail (Lair:3)
  An unseen horror (D:11)
  8 cane toads
  A yaktaur (shapeshifter) (Lair:5)
  A rime drake (shapeshifter) (Lair:5)
  8 komodo dragons
  A rime drake (Lair:1)
  5 trolls
  A hellwing (Orc:2)
  2 polar bears
  A raiju (Lair:5)
  38 blink frogs
  7 dream sheep (Lair:3)
  A snapping turtle (shapeshifter) (Orc:1)
  A shadow (D:11)
  7 fire elementals (Volcano)
  4 wyverns
  13 small abominations (Lair:5)
  A spriggan (Lair:5)
  A wraith (D:11)
  A vampire (D:10)
  31 yaks
  2 steam dragons
  8 basilisks
  2 chaos spawn
  Eustachio (D:5)
  6 wargs
  4 vampire mosquitoes (D:11)
  2 acid dragons
  16 water moccasins
  3 hell hounds (Volcano)
  38 orc warriors
  2 black bears
  3 ice beasts
  2 sky beasts
  18 ogres
  A centaur (D:7)
  13 wolves
  A lemure (D:9)
  2 phantoms
  2 kobold brigands
  3 scorpions (D:5)
  15 bullfrogs
  3 gnoll sergeants
  19 wights
  23 killer bees
  11 electric eels
  3 howler monkeys
  A crimson imp (D:4)
  3 jellies
  2 gnoll boudas
  23 orc priests
  6 hounds
  2 sleepcaps
  7 iguanas
  Natasha (thrice) (D:2)
  5 hell rats (Lair:1)
  13 orc wizards
  An ogre zombie (D:9)
  24 gnolls
  7 adders
  A shadow imp (D:5)
  4 white imps
  An ufetubus (D:5)
  5 worms
  A dart slug (D:2)
  69 orcs
  5 endoplasms
  9 giant cockroaches
  7 goblins
  4 hobgoblins
  18 kobolds
  A quokka (D:1)
  5 ball pythons
  9 bats
  4 frilled lizards
  5 rats
677 creatures vanquished.

Vanquished Creatures (collateral kills)
  A warg (Orc:1)
  2 orc warriors
  3 orcs (Orc:1)
6 creatures vanquished.

Vanquished Creatures (others)
  A deep elf pyromancer (Volcano)
  An orc (Orc:2)
  A kobold (D:9)
3 creatures vanquished.

Grand Total: 686 creatures vanquished

Notes
Turn   | Place    | Note
-------+----------+-------------------------------------------
     0 | D:1      | Hubris850 the Troll Shapeshifter began the quest for the
                  | Orb.
     0 | D:1      | Reached XP level 1. HP: 18/18 MP: 0/0
   262 | D:1      | Reached XP level 2. HP: 26/26 MP: 1/1
   673 | D:1      | Reached XP level 3. HP: 32/32 MP: 2/2
  1276 | D:2      | Noticed Natasha
  1281 | D:2      | Killed Natasha
  1282 | D:2      | Reached skill level 4 in Unarmed Combat
  1318 | D:2      | Noticed Natasha
  1323 | D:2      | Killed Natasha
  1324 | D:2      | Reached XP level 4. HP: 31/40 MP: 3/3
  1375 | D:2      | Noticed Natasha
  1383 | D:2      | Killed Natasha
  2174 | D:3      | Reached XP level 5. HP: 17/46 MP: 4/4
  2394 | D:2      | Reached skill level 5 in Unarmed Combat
  2659 | D:3      | Reached XP level 6. HP: 54/54 MP: 5/5
  2889 | D:3      | Noticed an ice beast
  2894 | D:3      | Killed an ice beast
  3252 | D:4      | Reached skill level 6 in Unarmed Combat
  3252 | D:4      | Reached XP level 7. HP: 61/61 MP: 6/6
  3541 | D:4      | Found a sacrificial altar of Ru.
  3548 | D:4      | Reached skill level 1 in Fighting
  3885 | D:5      | Entered Level 5 of the Dungeon
  3914 | D:5      | Noticed Eustachio
  3939 | D:5      | Killed Eustachio
  3940 | D:5      | Reached skill level 5 in Dodging
  3997 | D:5      | Found a blossoming altar of Fedhas.
  4078 | D:5      | Reached XP level 8. HP: 67/75 MP: 7/7
  4196 | D:5      | Found a staircase to the Ecumenical Temple.
  4205 | Temple   | Entered the Ecumenical Temple
  4344 | Temple   | Became a worshipper of Qazlal Stormbringer
  4984 | D:5      | Reached skill level 5 in Fighting
  5063 | D:6      | Reached XP level 9. HP: 83/88 MP: 8/8
  5148 | D:6      | Identified the +6 chain mail "Husek" {Will+}
  5293 | D:6      | Reached * piety under Qazlal
  5366 | D:6      | Got Niaroczu's Omnibus of Dimensional Wildfire
  5633 | D:7      | Reached skill level 5 in Shapeshifting
  6097 | D:7      | Reached ** piety under Qazlal
  6162 | D:7      | Reached XP level 10. HP: 62/96 MP: 9/9
  6297 | D:7      | Found Nelleda's Assorted Antiques.
  6352 | D:7      | Found Sueroi's Jewellery Shop.
  6522 | D:7      | Found Detaeshi's Assorted Antiques.
  6921 | D:8      | Found a staircase to the Lair.
  7814 | D:9      | Noticed Pikel
  7822 | D:9      | Killed Pikel
  7841 | D:9      | Noticed Maurice
  7865 | D:9      | Killed Maurice
  7908 | D:9      | Reached skill level 10 in Shapeshifting
  7936 | D:9      | Reached skill level 1 in Invocations
  7946 | D:9      | Reached *** piety under Qazlal
  8263 | D:8      | Reached XP level 11. HP: 79/96 MP: 12/12
  8387 | D:9      | Reached skill level 5 in Invocations
  8409 | D:9      | Noticed a two-headed ogre
  8417 | D:9      | Killed a two-headed ogre
  8457 | D:9      | Noticed a two-headed ogre
  8470 | D:9      | Killed a two-headed ogre
  8474 | D:9      | Reached **** piety under Qazlal
  8489 | D:9      | Noticed a two-headed ogre
  8491 | D:9      | Noticed a two-headed ogre
  8493 | D:9      | Noticed a two-headed ogre
  8497 | D:9      | Noticed Erolcha
  8502 | D:9      | Killed a two-headed ogre
  8503 | D:9      | Reached skill level 7 in Unarmed Combat
  8509 | D:9      | Noticed a two-headed ogre
  8510 | D:9      | Killed a two-headed ogre
  8511 | D:9      | Reached skill level 8 in Unarmed Combat
  8518 | D:9      | Killed a two-headed ogre
  8520 | D:9      | Killed a two-headed ogre
  8521 | D:9      | Reached skill level 9 in Unarmed Combat
  8542 | D:9      | Killed Erolcha
  8844 | D:10     | Entered Level 10 of the Dungeon
  8973 | D:10     | Found a portal to a secret trove of treasure.
  9116 | D:10     | Found a broken altar of Ashenzari.
  9119 | D:10     | Found a basalt altar of Yredelemnul.
  9122 | D:10     | Found a bloodstained altar of Trog.
  9125 | D:10     | Found a burning altar of Makhleb.
  9177 | D:10     | Reached skill level 10 in Unarmed Combat
  9889 | D:11     | Noticed a two-headed ogre
  9900 | D:11     | Killed a two-headed ogre
  9901 | D:11     | Reached XP level 12. HP: 111/111 MP: 15/15
  9914 | D:11     | Noticed a two-headed ogre
  9920 | D:11     | Killed a two-headed ogre
  9921 | D:11     | Reached skill level 11 in Unarmed Combat
  9951 | D:11     | Found a sparkling altar of Nemelex Xobeh.
 10093 | D:11     | Found a staircase to the Orcish Mines.
 10397 | D:11     | Reached skill level 12 in Unarmed Combat
 10509 | Lair:1   | Entered Level 1 of the Lair of Beasts
 10588 | Lair:1   | Reached skill level 1 in Evocations
 10957 | Lair:1   | Reached ***** piety under Qazlal
 11110 | Lair:1   | Found a runed translucent gate.
 11110 | Lair:1   | Found a runed translucent gate.
 11113 | Lair:1   | Found a runed translucent gate.
 11114 | Lair:1   | Noticed HallandMoats's ghost (journeyman DsFi)
 11114 | Lair:1   | Noticed Kocvedd's ghost (journeyman DDFi)
 11392 | Lair:2   | Found a staircase to the Snake Pit.
 12005 | Lair:2   | Reached XP level 13. HP: 113/123 MP: 16/16
 12758 | Lair:3   | Reached skill level 5 in Evocations
 12832 | Lair:3   | Reached skill level 10 in Dodging
 12925 | Lair:3   | Found a transporter.
 12949 | Lair:3   | Found a transporter.
 13147 | Lair:3   | Found a staircase to the Swamp.
 13300 | Lair:4   | Found a shimmering altar of Xom.
 13962 | Lair:5   | Entered Level 5 of the Lair of Beasts
 13982 | Lair:5   | Found a dark tunnel.
 13991 | Volcano  | Entered a volcano
 14066 | Volcano  | Reached XP level 14. HP: 136/136 MP: 17/17
 14896 | Lair:5   | Reached ****** piety under Qazlal
 15042 | Lair:5   | Found a corrupted altar of Lugonu.
 15042 | Lair:5   | Found a one-way gate to the infinite horrors of the Abyss.
 15246 | Lair:5   | Found a viscous altar of Jiyva.
 15246 | Lair:5   | Found a staircase to the Slime Pits.
 15823 | Orc:1    | Entered Level 1 of the Orcish Mines
 15835 | Orc:1    | Reached skill level 13 in Unarmed Combat
 15952 | Orc:1    | Noticed an orc warlord
 15969 | Orc:1    | Killed an orc warlord
 16170 | Orc:1    | Found a runed translucent door.
 16171 | Orc:1    | Noticed a balrug
 16285 | Orc:2    | Entered Level 2 of the Orcish Mines
 16320 | Orc:2    | Found a staircase to the Elven Halls.
 16338 | Orc:2    | Noticed Saint Roka
 16370 | Orc:2    | Killed Saint Roka
 16507 | Orc:2    | Reached XP level 15. HP: 134/143 MP: 20/20
 16805 | Orc:2    | Found Beblaycu's Magic Scroll Shoppe.
 16807 | Orc:2    | Found Keimoze's General Store.
 17251 | Orc:2    | Paralysed by an orc sorcerer for 4 turns
 17334 | Orc:2    | Gained mutation: You occasionally shout uncontrollably at
                  | your foes. [a neqoxec]
 17369 | Orc:2    | Found Hiecorch's Antique Weapon Shop.
 17369 | Orc:2    | Found Zojij's Jewellery Boutique.
 17369 | Orc:2    | Found a one-way gate leading to the halls of Pandemonium.
 17849 | Orc:2    | Bought a maw talisman for 520 gold pieces
 18156 | Orc:1    | Slain by a balrug

Illustrated notes

Levels and vault maps discovered:
D:1:      dpeg_chamrin_arrival_tetris, layout_basic
D:2:      layout_basic, uniq_natasha
D:3:      layout_loops_ring, minmay_distorted
D:4:      layout_basic, old_standard_altar, serial_forest,
          infiniplex_forest_lined_ring, infiniplex_forest_end_2,
          infiniplex_forest_straight_3, infiniplex_forest_end_2,
          infiniplex_forest_end_2, infiniplex_forest_clump_medium,
          minmay_fire_ice_demons
D:5:      layout_loops_ring, mainiacjoe_overflow_concentric_impassable,
          minmay_temple_entry_purple_smoke, minmay_small_thing, uniq_eustachio
D:6:      layout_rooms, chequers_decorated_corner
D:7:      statuecave_lemuel, layout_loops_cross, serial_bayou,
          serial_bayou_pond_c, serial_bayou_pond_a, serial_bayou_pond_b,
          serial_bayou_pond_a, serial_bayou_shore_b, serial_bayou_crossing,
          serial_shops, nicolae_shop_tiny_glass,
          nicolae_shop_just_a_little_nook, nicolae_shop_pleasant_corner_grove
D:8:      layout_basic, erik_lair_island
D:9:      lemuel_ogre_cave, layout_irregular_city, uniq_maurice, uniq_erolcha,
          uniq_pikel
D:10:     layout_basic, grunt_temple_overflow_cloverleaf, enter_trove_3
D:11:     layout_roguey, orc_0_dummy, nemelex_spade_bored_becter
D:12:     layout_stronghold, uniq_josephine
Temple:   nicolae_temple_superstar
Lair:1:   beast_lair_carwin_large_2, layout_gridlike, gammafunk_ghost_cemetery
Lair:2:   layout_cave_pods, minmay_snake_entry_six_corridors,
          serial_bayou_shore_b, serial_bayou_shore_a, serial_bayou_shore_b,
          infiniplex_staircase_pool
Lair:3:   layout_gridlike, skrybe_swamp_entry_bodies,
          gammafunk_ghost_abyssal_escape, guppyfry_lair_drakes
Lair:4:   layout_big_grid, basic_altar, beast_lair_carwin_11
Lair:5:   hellmonk_lair_end_abyssal_woods, layout_regular_city,
          dpeg_slime_entry_corner, serial_bayou, serial_bayou_pond_b,
          serial_bayou_pond_c, serial_bayou_lagoon_a, serial_bayou_lagoon_b,
          serial_bayou_pond_e, serial_bayou_pond_d, enter_volcano_1
Orc:1:    dreamdust_dug_too_deep, layout_diamond_mine
Orc:2:    pf_orc_diabolical, layout_diamond_mine, mines1_david, uniq_saint_roka

Skill      XL: |  1  2  3  4  5  6  7  8  9 10 11 12 13 14 15 |
---------------+----------------------------------------------+-----
Dodging        | 2 3 4 5 7 8 9 11 12 | 12.0
Unarmed Combat | 4 5 6 10 12 13 | 13.9
Fighting       | 3 5 6 8 |  8.0
Shapeshifting  | 7 10 11 | 11.7
Invocations    | 3 6 8 9 |  9.1
Evocations     | 3 6 |  6.0

Action                     |  1- 3 |  4- 6 |  7- 9 | 10-12 | 13-15 || total
---------------------------+-------+-------+-------+-------+-------++-------
  Melee: Unarmed           |    64 |   136 |   309 |   539 |   818 ||  1866
         Punch             |     3 |     7 |    20 |    40 |    77 ||   147
         Flail             |       |       |       |       |     3 ||     3
  Throw: Dart              |       |       |     9 |    22 |    33 ||    64
 Invoke: Upheaval          |       |       |       |     1 |    16 ||    17
         Disaster Area     |       |       |       |       |     2 ||     2
         Elemental Force   |       |       |       |       |     3 ||     3
Ability: Begin Untransform |       |       |       |       |     1 ||     1
  Evoke: Wand              |       |       |     2 |     3 |     3 ||     8
    Use: Potion            |       |       |     1 |    10 |     3 ||    14
         Scroll            |       |       |       |    17 |     4 ||    21
   Stab: Sleeping          |     1 |     1 |     1 |       |       ||     3
         Paralysed         |       |       |       |       |     4 ||     4
 Armour: Animal skin       |    22 |    34 |    48 |     4 |       ||   108
         Skin              |       |       |     3 |       |       ||     3
         Troll leather arm |       |       |       |    46 |    64 ||   110
  Dodge: Dodged            |    18 |    52 |   258 |   249 |   382 ||   959
         Repelled          |       |       |       |     1 |     3 ||     4
  Block: Other             |       |       |    14 |   192 |   383 ||   589
         Reflection        |       |       |       |     4 |    12 ||    16
   Form: Beast             |       |       |       |       |     1 ||     1

Table legend: (Time is in decaauts)
 A = Elapsed time spent in this place.
 B = Non-inter-level travel time spent in this place.
 C = Inter-level travel time spent in this place.
 D = Time resting spent in this place.
 E = Time spent auto-exploring this place.
 F = Levels seen in this place.
 G = Mean time per level.
                   A        B        C        D        E       F      G
               +--------+--------+--------+--------+--------+-----+--------+
         Total |  17869 |  16691 |   1178 |    828 |  11286 |  21 |  850.9 |
       Dungeon |  10334 |   9920 |    414 |    496 |   7275 |  12 |  861.2 |
        Temple |    148 |    139 |      9 |      0 |      0 |   1 |  148.0 |
          Lair |   4965 |   4581 |    384 |    172 |   3305 |   5 |  993.0 |
  Orcish Mines |   2254 |   1884 |    370 |    160 |    706 |   2 | 1127.0 |
       Volcano |    167 |    167 |      0 |      0 |      0 |   1 |  167.0 |
               +--------+--------+--------+--------+--------+-----+--------+

Top non-repeatable levels by time:
   Orc:2: 1563 daAuts
  Lair:5: 1279 daAuts
     D:7: 1189 daAuts
     D:1: 1185 daAuts
  Lair:2: 1176 daAuts
     D:2: 1137 daAuts
     D:8: 1065 daAuts
    D:10: 999 daAuts
     D:9: 997 daAuts
     D:4: 940 daAuts
     D:5: 918 daAuts
  Lair:1: 913 daAuts
  Lair:3: 858 daAuts
  Lair:4: 736 daAuts
   Orc:1: 690 daAuts
